 Dungeon Crawl Stone Soup version 0.20.1-1-g8b1a95d (webtiles) character file.

34 schets the Grave Robber (level 3, 0/28 HPs)
             Began as a Hill Orc Necromancer on Oct 15, 2017.
             Slain by an adder (4 damage)
             ... on level 2 of the Dungeon.
             The game lasted 00:03:16 (2016 turns).

schets the Grave Robber (Hill Orc Necromancer)      Turns: 2016, Time: 00:03:17

Health: 0/28       AC:  2    Str: 10    XL:     3   Next: 31%
Magic:  3/5        EV: 12    Int: 15    God:
Gold:   88         SH:  0    Dex: 12    Spells: 3/5 levels left

rFire    . . .     SeeInvis .   e - +0 club
rCold    . . .     Gourm    .   (no shield)
rNeg     . . .     Faith    .   a - +0 robe
rPois    .         Spirit   .   (no helmet)
rElec    .         Reflect  .   (no cloak)
rCorr    .         Harm     .   (no gloves)
MR       .....                  (no boots)
Stlth    ++........             (no amulet)
Regen    0.1/turn               (no ring)
MPRegen  0.1/turn               (no ring)

@: lethally poisoned (0 -> -10)
A: no striking features
a: no special abilities


You were on level 2 of the Dungeon.
You were not hungry.

You visited 1 branch of the dungeon, and saw 2 of its levels.

You collected 88 gold pieces.

Inventory:

Hand Weapons
 e - a +0 club (weapon)
Armour
 a - a +0 robe (worn)
Scrolls
 f - 2 scrolls of identify {unknown}
 i - a scroll of enchant weapon {unknown}
 j - a scroll of immolation {unknown}
Potions
 g - a potion of brilliance {unknown}
Books
 b - a book of Necromancy

   Spells                             Type                      Level
   a - Pain                           Necromancy                   1
   b - Animate Skeleton               Necromancy                   1
   c - Vampiric Draining              Necromancy                   3
   d - Regeneration                   Charms/Necromancy            3
   e - Animate Dead                   Necromancy                   4
   f - Control Undead                 Necromancy                   4
Comestibles
 c - 2 bread rations
 d - 2 royal jellies
 h - 3 chunks of flesh


   Skills:
 * Level 1.4 Fighting
 * Level 1.6 Armour
 + Level 1.6 Dodging
 - Level 1.5 Stealth
 - Level 1.5 Spellcasting
 * Level 4.4 Necromancy


You had 3 spell levels left.
You knew the following spells:

 Your Spells              Type           Power        Failure   Level  Hunger
a - Pain                  Necr           ##..         3%          1    ##.....
b - Animate Skeleton      Necr           N/A          3%          1    ##.....


Dungeon Overview and Level Annotations

Branches:
Dungeon (2/15)

Altars:


Message History

You barely miss the adder.
The adder is heavily wounded.
You feel sick. The adder barely misses you.
Your goblin skeleton barely misses the adder.
The adder barely misses you.
You miss the adder.
The adder is heavily wounded.
You feel sick. The adder misses you.
Your goblin skeleton hits the adder.
You barely miss the adder.
The adder is severely wounded.
You feel sick. The adder bites you.
* * * LOW HITPOINT WARNING * * *
Your goblin skeleton hits the adder.
The adder bites your goblin skeleton.
Casting: Pain
Confirm with . or Enter, or press ? or * to list all spells.
Aiming: Pain
Press: ? - help, Shift-Dir - straight line, f/p - adder
Aim: an adder (severely wounded, chance to defeat MR: 79%)
The adder writhes in agony!
The adder bites you.
You die...

#####...#####.#
#.............#####
#........###.......
#.#.####.#....#....
######.#....#.#.#..#.#..
#
#....#......#.#.##.#.#..
#.#....#..#####.#
....#..
##.....>.........#
#####.#
#.......##@Z###### ...#
...#.....##S.# ##### .
#.######..# ... #... #.#
#$##. #. #.# .. # #.# ##
#..


You could see an adder and a friendly goblin skeleton.

Vanquished Creatures
  An adder (D:2)
  A dart slug (D:1)
  2 giant cockroaches
  4 goblins
  3 hobgoblins
  2 jackals (D:1)
  A quokka (D:2)
  2 bats
  2 frilled lizards (D:1)
  2 kobolds (D:1)
  2 rats (D:1)
22 creatures vanquished.

Notes
Turn   | Place    | Note
-------+----------+-------------------------------------------
     0 | D:1      | schets the Hill Orc Necromancer began the quest for the Orb.
     0 | D:1      | Reached XP level 1. HP: 14/14 MP: 3/3
   448 | D:1      | Reached XP level 2. HP: 6/22 MP: 0/4
   763 | D:1      | Reached skill level 1 in Armour
   777 | D:1      | You fall through a shaft!
   866 | D:1      | You fall through a shaft!
   929 | D:1      | Reached skill level 1 in Fighting
   952 | D:1      | Learned a level 1 spell: Animate Skeleton
  1613 | D:2      | Reached XP level 3. HP: 12/28 MP: 0/5
  2016 | D:2      | Slain by an adder

Skill      XL: |  1  2 |
---------------+-------+-----
Armour         | 1 |  1.6
Fighting       | 1 |  1.4
Dodging        | |  1.6
Stealth        | |  1.5
Spellcasting   | |  1.5
Necromancy     | |  4.4

Action                   || total
-------------------------++-------
Melee: Unarmed           ||     8
       Club              ||    31
 Cast: Pain              ||    35
       Animate Skeleton  ||     1
  Eat: Chunk             ||     2
       Bread ration      ||     1
Armor: Robe              ||     6
Dodge: Dodged            ||    37
